Cogmind - Beta 14 @@@ ROGUE MODE // 2025.02.19 @ 23:53:16 Player: Zeta Lockhart Result: Destroyed by JQ-GVV(i) with Flamer Performance ------------- Evolutions (3) 1500 Regions Visited (6) 1200 Robots Destroyed (52) 260 Value Destroyed (1445) 1445 Prototype IDs (2) 40 Alien Tech Used (0) 0 Bonus (543) 543 TOTAL SCORE: 4988 Bonus ------- High Alert Combat Kills 43 Entered DSFs 500 Cogmind --------- Core Integrity 0/700 Matter 268/300 Energy 82/100 System Corruption 0% Temperature Cool (20) Movement Core (50) Location -7/DSF Parts ------- > --- POWER (1) -------- (None) > --- PROPULSION (4) --- (None) > --- UTILITY (4) ------ (None) > --- WEAPON (4) ------- Minigun > --- INVENTORY (5) ---- Improved Medium Treads Improved Heat Sink Advanced Weight Redist. System Advanced Weight Redist. System Peak State ------------ > --- POWER ------------ Angular Momentum Engine > --- PROPULSION ------- Improved Medium Treads Improved Medium Treads Improved Medium Treads Improved Medium Treads > --- UTILITY ---------- Advanced Weight Redist. System > --- WEAPON ----------- Heavy Laser > --- INVENTORY -------- Improved Medium Treads Improved Heat Sink Advanced Weight Redist. System Advanced Weight Redist. System [Rating: 33] Favorites ----------- Power Ion Engine Engine Ion Engine Propulsion Advanced Treads Treads Advanced Treads Leg Aluminum Leg Flight Unit Flight Unit Utility Small Storage Unit Device Heat Sink Storage Small Storage Unit Protection Improved Light Armor Plating Weapon Light Assault Rifle Energy Gun Small Laser Energy Cannon EM Pulse Cannon Ballistic Gun Light Assault Rifle Ballistic Cannon Heavy Assault Cannon Build | -11 -10 -9 -9 -8 -7 -7 ------- Run | Yrd Mat Mat Min Mat Fac DSF Slots Evolved 6 | . . 2 . 2 2 . Power . | . . . . . . . Propulsion 2 | . . 2 . . . . Utility 2 | . . . . 1 1 . Weapon 2 | . . . . 1 1 . Parts Attached 66 | 7 2 21 . 22 2 12 Power 6 | 1 . 2 . 1 . 2 Engine 6 | 1 . 2 . 1 . 2 Core . | . . . . . . . Reactor . | . . . . . . . Propulsion 26 | 2 2 11 . 5 . 6 Treads 16 | . 2 7 . 1 . 6 Leg 2 | 2 . . . . . . Wheel . | . . . . . . . Hover . | . . . . . . . Flight 8 | . . 4 . 4 . . Utility 10 | 2 . 2 . 5 1 . Device 7 | 1 . 2 . 3 1 . Storage 1 | 1 . . . . . . Processor . | . . . . . . . Hackware . | . . . . . . . Protection 2 | . . . . 2 . . Artifact . | . . . . . . . Weapon 24 | 2 . 6 . 11 1 4 Energy Gun 6 | 1 . . . 3 . 2 Energy Cannon 4 | . . 3 . 1 . . Ballistic Gun 13 | 1 . 3 . 6 1 2 Ballistic Cannon 1 | . . . . 1 . . Launcher . | . . . . . . . Special Weapon . | . . . . . . . Impact Weapon . | . . . . . . . Slashing Weapon . | . . . . . . . Piercing Weapon . | . . . . . . . Special Melee Weapon . | . . . . . . . Unidentified Prototypes 2 | . . . . 1 . 1 Corrupted Parts 1 | . . 1 . . . . System Corruption 6 | . . 6 . . . . Parts Lost 29 | . 1 5 . 7 . 16 Power 5 | . . 1 . 1 . 3 Propulsion 10 | . . 1 . 4 . 5 Utility 5 | . 1 1 . 1 . 2 Weapon 9 | . . 2 . 1 . 6 Highest Loss Streak 16 | . 1 2 . 4 . 16 To Critical Strikes 1 | . . . . . . 1 Average Slot Usage (%) 82 | . 95 91 77 81 55 47 Engine 9 | . 14 10 11 8 7 3 Treads 22 | . 17 39 . . 7 15 Leg 1 | . 10 . . . . . Flight 8 | . . 1 44 29 7 3 Device 8 | . 9 7 . 8 9 9 Storage 6 | . 14 10 . . . . Protection 1 | . . . . 6 . . Energy Gun 3 | . 14 1 . 1 7 4 Energy Cannon 4 | . . 8 . . . . Ballistic Gun 13 | . 14 11 22 24 7 5 Peak Build Rating 33 | 7 7 22 9 23 27 33 Average Rating 16 | 4 6 17 9 17 25 25 On Entrance 11 | . 7 6 10 9 22 27 Naked Turns . | . . . . . . . Heaviest Build 27 | 13 13 23 9 21 27 27 Greatest Support 120 | 20 40 88 16 29 29 120 Greatest Overweight (x) 1 | . . . . 1 . 1 Average Overweight (x) . | . . . . . . . Largest Inventory Capacity 8 | 8 8 8 5 5 5 5 Average Capacity 6 | 7 8 7 5 5 5 5 Most Carried 8 | 6 5 8 5 5 5 5 Average Carried 5 | 3 4 6 5 4 4 4 Final Capacity 8 | 8 8 5 5 5 5 5 Final Carried 5 | 4 5 4 5 5 5 4 Class Distribution -------------------- 61% | Mutant 11% | Scavenger-Sprinter 9% | Scavenger-Tank 6% | Scavenger-Gunner 5% | Scavenger-Skirmisher 4% | Scavenger-Mutant Dominant Class ---------------- Mutant | -10/Materials Mutant | -9/Materials Mutant | -9/Mines Scavenger-Tank | -8/Materials Scavenger-Skirmisher | -7/Factory Mutant | -7/DSF Resources | -11 -10 -9 -9 -8 -7 -7 ----------- Run | Yrd Mat Mat Min Mat Fac DSF Matter Collected 1281 | 274 32 322 . 506 . 147 Remotely 236 | 207 29 . . . . . Salvage Created 1937 | 67 212 716 . 599 . 343 Parts 119 | 3 10 53 . 35 . 18 Haulers Intercepted . | . . . . . . . Recyclers Shooed 2 | . . 2 . . . . Parts Field Recycled . | . . . . . . . Retrieved Matter . | . . . . . . . Parts Self-Destructed . | . . . . . . . Prevented . | . . . . . . . Kills | -11 -10 -9 -9 -8 -7 -7 ------- Run | Yrd Mat Mat Min Mat Fac DSF Combat Hostiles Destroyed 44 | . 5 21 . 12 . 6 Guns 39 | . 5 17 . 12 . 5 Cannons 5 | . . 4 . . . 1 Classes Destroyed 11 | 1 2 3 . 3 . 2 Worker 1 | . . 1 . . . . Recycler 3 | 1 1 1 . . . . Operator 1 | . . . . 1 . . Watcher 3 | . . 2 . 1 . . Swarmer 20 | . 3 14 . 3 . . Grunt 9 | . 2 4 . 2 . 1 Sentry 7 | . . 3 . 4 . . Specialist 1 | . . . . . . 1 Hunter 2 | . . . . 2 . . Heavy 2 | . . . . 1 . 1 Thug 2 | . . . . . . 2 Savage 1 | . . . . . . 1 Best Kill Streak 7 | 1 3 6 . 7 . 3 Combat Bots Only 6 | . 3 5 . 6 . 3 Max Kills in Single Turn 2 | 1 2 2 . 2 . 1 Gunslinging 1 | . 1 1 . 1 . . Exploded . | . . . . . . . Melee . | . . . . . . . Uniques/NPCs Destroyed . | . . . . . . . Combat | -11 -10 -9 -9 -8 -7 -7 -------- Run | Yrd Mat Mat Min Mat Fac DSF Hostile Shots Fired 440 | . 29 172 . 53 . 186 Missed 128 | . 8 56 . 15 . 49 Damage Taken 5232 | . 228 1121 . 798 . 3085 Core 943 | . 12 119 . 107 . 705 Absorbed by Shields . | . . . . . . . Core Remaining (%) 86 | 100 95 . 70 80 . . Volleys Fired 149 | 4 12 75 . 39 . 19 Largest 3 | 2 2 2 . 3 . 3 Hottest 213 | 60 60 126 . 213 . 158 Shots Fired 303 | 8 24 109 . 117 . 45 Gun 271 | 8 24 86 . 115 . 38 Cannon 32 | . . 23 . 2 . 7 Launcher . | . . . . . . . Special . | . . . . . . . Kinetic 234 | 4 12 82 . 108 . 28 Thermal 46 | 4 12 4 . 9 . 17 Explosive . | . . . . . . . Electromagnetic 23 | . . 23 . . . . Robot Hit Streak 11 | 4 9 9 . 11 . 10 Robot Miss Streak 6 | 1 3 6 . 5 . 4 Penetration Max . | . . . . . . . Secondary Targets 7 | . 1 3 . 2 . 1 Max Gunslinging Chain 1 | . 1 1 . 1 . 1 Shots Hit Robots 199 | 6 16 63 . 83 . 31 Core Hits 93 | 2 11 34 . 32 . 14 Critical Kills 1 | . . . . . . 1 Critical Parts Destroyed . | . . . . . . . Critical Strikes 3 | . . . . . . 3 Burn 2 | . . . . . . 2 Destroy 1 | . . . . . . 1 Melee Attacks . | . . . . . . . Impact . | . . . . . . . Slashing . | . . . . . . . Piercing . | . . . . . . . Sneak Attacks . | . . . . . . . Combat Hostiles . | . . . . . . . Follow-up Attacks . | . . . . . . . Damage Inflicted 3042 | 56 168 944 . 1102 . 772 Guns 2453 | 56 168 624 . 1076 . 529 Cannons 564 | . . 320 . 25 . 219 Explosions . | . . . . . . . Melee . | . . . . . . . Ramming 25 | . . . . 1 . 24 Kinetic 2118 | 23 72 582 . 958 . 483 Thermal 579 | 33 96 42 . 143 . 265 Explosive . | . . . . . . . Electromagnetic 320 | . . 320 . . . . Impact . | . . . . . . . Slashing . | . . . . . . . Piercing . | . . . . . . . Highest Corruption 6 | . . 6 6 . . . Average Corruption 6 | . . 6 6 . . . Corruption Purged . | . . . . . . . Corruption Blocked . | . . . . . . . Effects 7 | . . 7 . . . . Message Errors 1 | . . 1 . . . . Matter Fused 2 | . . 2 . . . . Parts Fused 1 | . . 1 . . . . Data Loss (minor) 1 | . . 1 . . . . Data Loss (major) 1 | . . 1 . . . . Weapon Failures 1 | . . 1 . . . . Overload Shots . | . . . . . . . Overflow Damage 10 | . . 10 . . . . Projectiles 10 | . . 10 . . . . Explosions . | . . . . . . . Melee . | . . . . . . . Knockbacks 3 | . . . . . . 3 Impact 1 | . . . . . . 1 Kinetic 1 | . . . . . . 1 Secondary 1 | . . . . . . 1 Self-Inflicted Damage 8 | . . . . . . 8 Shots . | . . . . . . . Rammed 13 | . . 2 . 1 . 10 Targets Rammed 13 | . . 2 . 1 . 10 Kicked . | . . . . . . . Crushed . | . . . . . . . Highest Temperature 306 | 20 91 63 . 306 . 49 Average Temperature 37 | 13 39 16 . 49 . 16 Received Heat Transfer 917 | . 102 177 . 99 . 539 Siege Activations . | . . . . . . . Robots Corrupted . | . . . . . . . Combat Hostiles . | . . . . . . . Parts Fried 3 | . . 3 . . . . Impact Corruptions . | . . . . . . . Robots Melted . | . . . . . . . Combat Hostiles . | . . . . . . . Parts Melted 2 | . . . . 1 . 1 Heat Transferred 1291 | 75 225 100 . 259 . 632 Parts Sabotaged . | . . . . . . . Parts Stolen . | . . . . . . . Parts Stripped . | . . . . . . . Power Chain Reactions . | . . . . . . . Alert | -11 -10 -9 -9 -8 -7 -7 ------- Run | Yrd Mat Mat Min Mat Fac DSF Peak Influence 455 | 5 140 442 178 455 159 112 Initial 178 | . 3 59 178 68 144 111 Average 196 | 1 82 238 178 278 147 85 Maximum Alert Level 2 | . . 2 . 2 . . Low Security (%) 57 | 100 100 41 100 25 100 100 Level 1 34 | . . 46 . 60 . . Level 2 8 | . . 11 . 13 . . Level 3 . | . . . . . . . Level 4 . | . . . . . . . Level 5 . | . . . . . . . High Security . | . . . . . . . Max Security . | . . . . . . . Squads Dispatched 6 | . . . . 3 1 2 Investigation 1 | . . . . 1 . . Extermination . | . . . . . . . Reinforcement 5 | . . . . 2 1 2 Assault . | . . . . . . . Garrison . | . . . . . . . Intercept . | . . . . . . . Searches Triggered . | . . . . . . . Construction Impeded . | . . . . . . . Haulers Reinforced . | . . . . . . . Active Scanning Responses . | . . . . . . . Cargo Convoy Interrupts . | . . . . . . . Stealth | -11 -10 -9 -9 -8 -7 -7 --------- Run | Yrd Mat Mat Min Mat Fac DSF Distress Signals 6 | . 1 3 . 2 . . Communications Jammed . | . . . . . . . Distress Signals . | . . . . . . . Times Spotted 68 | . 7 31 . 16 . 14 Peak Tracking Total 7 | . 4 6 . 4 1 7 Tactical Retreats 1 | . . 1 . . . . Traps | -11 -10 -9 -9 -8 -7 -7 ------- Run | Yrd Mat Mat Min Mat Fac DSF Traps Triggered 2 | . . 1 . . . 1 Indirectly . | . . . . . . . Trap Hack Attempts . | . . . . . . . Triggered . | . . . . . . . Disarmed 6 | . . 6 . . . . Reprogrammed . | . . . . . . . Reused . | . . . . . . . Traps Extracted . | . . . . . . . Installed . | . . . . . . . Triggered . | . . . . . . . Machines | -11 -10 -9 -9 -8 -7 -7 ---------- Run | Yrd Mat Mat Min Mat Fac DSF Machines Disabled 2 | . . 1 . 1 . . Max in Single Turn 1 | . . 1 . 1 . . Machines Repaired . | . . . . . . . Machines Dismantled . | . . . . . . . Machines Sabotaged . | . . . . . . . Overloaded Fab Kills . | . . . . . . . Hacking | -11 -10 -9 -9 -8 -7 -7 --------- Run | Yrd Mat Mat Min Mat Fac DSF Machines Accessed 10 | . 2 3 . 4 1 . Terminals 10 | . 2 3 . 4 1 . Fabricators . | . . . . . . . Repair Stations . | . . . . . . . Recycling Units . | . . . . . . . Scanalyzers . | . . . . . . . Garrison Access . | . . . . . . . Total Hacks 26 | . 5 8 . 10 3 . Successful 15 | . 4 5 . 5 1 . Failed 11 | . 1 3 . 5 2 . Catastrophic 2 | . . . . 2 . . Database Lockouts . | . . . . . . . Manual . | . . . . . . . Terminals 26 | . 5 8 . 10 3 . Fabricators . | . . . . . . . Repair Stations . | . . . . . . . Recycling Units . | . . . . . . . Scanalyzers . | . . . . . . . Garrison Access . | . . . . . . . Terminal Hacks 15 | . 4 5 . 5 1 . Open DSF 1 | . . . . . 1 . Branch Access Points 2 | . 1 . . 1 . . Emergency Access Points 1 | . . . . 1 . . Terminal Index 1 | . 1 . . . . . Repair Station Index 1 | . . . . 1 . . Unreport Threat 1 | . . . . 1 . . Locate Traps 1 | . . 1 . . . . Disarm Traps 2 | . . 2 . . . . Surveillance Status 1 | . . 1 . . . . Investigation Status 1 | . . . . 1 . . Zone Layout 3 | . 2 1 . . . . Fabricator Hacks . | . . . . . . . Repair Station Hacks . | . . . . . . . Recycling Unit Hacks . | . . . . . . . Scanalyzer . | . . . . . . . Garrison Access Hacks . | . . . . . . . Unauthorized Hacks . | . . . . . . . Terminals . | . . . . . . . Fabricators . | . . . . . . . Repair Stations . | . . . . . . . Recycling Units . | . . . . . . . Scanalyzers . | . . . . . . . Garrison Access . | . . . . . . . Data Cores Recovered 1 | . . . . 1 . . Used . | . . . . . . . Hacking Detections 9 | . 2 2 . 4 1 . Full Trace Events 1 | . . . . 1 . . Feedback Events . | . . . . . . . Feedback Blocked . | . . . . . . . Robot Schematics Acquired . | . . . . . . . Robots Built . | . . . . . . . Authchips . | . . . . . . . Time . | . . . . . . . Total Robot Build Rating . | . . . . . . . Part Schematics Acquired . | . . . . . . . Parts Built . | . . . . . . . Authchips . | . . . . . . . Time . | . . . . . . . Total Part Build Rating . | . . . . . . . Parts Repaired . | . . . . . . . Time . | . . . . . . . Parts Recycled . | . . . . . . . Recycled Matter . | . . . . . . . Retrieved Matter . | . . . . . . . Retrieved Components . | . . . . . . . Parts Scanalyzed . | . . . . . . . Part Schematics Acquired . | . . . . . . . Parts Damaged . | . . . . . . . Bothacking | -11 -10 -9 -9 -8 -7 -7 ------------ Run | Yrd Mat Mat Min Mat Fac DSF Used RIF Installer . | . . . . . . . Robots Hacked . | . . . . . . . Non-combat . | . . . . . . . Combat . | . . . . . . . Robot Hacks Applied . | . . . . . . . Relay Couplers Released . | . . . . . . . Fabnet Peak Effective % . | . . . . . . . Robots Rewired . | . . . . . . . Allies Hacked . | . . . . . . . Hacks Repelled . | . . . . . . . Allies | -11 -10 -9 -9 -8 -7 -7 -------- Run | Yrd Mat Mat Min Mat Fac DSF Total Allies . | . . . . . . . Largest Group . | . . . . . . . Highest-Rated Group . | . . . . . . . Highest-Rated Ally . | . . . . . . . Total Orders . | . . . . . . . Ally Attacks . | . . . . . . . Total Damage . | . . . . . . . Kills . | . . . . . . . Allies Corrupted . | . . . . . . . Allies Melted . | . . . . . . . Intel | -11 -10 -9 -9 -8 -7 -7 ------- Run | Yrd Mat Mat Min Mat Fac DSF Robot Analysis Total . | . . . . . . . Derelict Logs Recovered . | . . . . . . . Drone Launches . | . . . . . . . Drone Recoveries . | . . . . . . . Exploration | -11 -10 -9 -9 -8 -7 -7 ------------- Run | Yrd Mat Mat Min Mat Fac DSF Turns Passed 1442 | 81 159 645 12 327 64 154 Spaces Moved 904 | 49 83 306 38 349 36 43 Core 14 | 9 . . . . . 5 Treads 356 | . 46 257 . 3 36 14 Legs 77 | 40 37 . . . . . Wheels . | . . . . . . . Hover . | . . . . . . . Flight 457 | . . 49 38 346 . 24 Fastest Speed 31 | 50 120 31 31 31 170 50 Average Speed 94 | 107 142 128 31 47 170 130 Slowest Speed 170 | 120 160 160 31 170 170 163 Overloaded Moves . | . . . . . . . Propulsion Burnouts . | . . . . . . . Robots Hopped 1 | . . . . 1 . . Cave-ins Triggered . | . . . . . . . Exploration Rate (%) 24 | 4 17 39 13 37 1 61 Regions Visited 6 Branch Regions 1 Pre-discovered Areas . | . . . . . . . Known Exits Taken 1 | . . . . . 1 . Unknown Exits Taken 5 | 1 1 1 1 1 . . Scrap Searched . | . . . . . . . Spaces Dug . | . . . . . . . Terrain Destroyed 3 | . . . . 1 . 2 Melee . | . . . . . . . Projectile 3 | . . . . 1 . 2 AOE . | . . . . . . . Terrain Rammed . | . . . . . . . Walls Destroyed . | . . . . . . . Machines Disabled . | . . . . . . . Actions | -11 -10 -9 -9 -8 -7 -7 --------- Run | Yrd Mat Mat Min Mat Fac DSF Total 1245 | 70 105 458 38 438 39 97 Wait 30 | . . 20 . 3 . 7 Move 897 | 48 82 305 37 347 35 43 Hop 1 | . . . . 1 . . Pick Up 54 | 11 5 22 . 10 2 4 Fast Attach 16 | . . . . 10 . 6 Attach 41 | 7 2 20 . 5 2 5 Detach 3 | . . . 1 2 . . Swap 9 | . . 1 . 7 . 1 Drop 33 | . 4 13 . 14 . 2 Fire 149 | 4 12 75 . 39 . 19 Melee . | . . . . . . . Ram 5 | . . . . . . 5 Kick . | . . . . . . . Crush 7 | . . 2 . . . 5 Escape Stasis . | . . . . . . . Rewire . | . . . . . . . Trap . | . . . . . . . Miscellaneous . | . . . . . . . Route ------- -11/Scrapyard -10/Materials (discovered 3 exits: *Mat / Min x2) -9/Materials -9/Mines -8/Materials -7/Factory -7/DSF History --------- Turn | Location | Event 6 | -11/Scrapyard | Discovered new exit (range 16) 82 | -11/Scrapyard | Entered Materials 91 | -10/Materials | Discovered new exit (range 16) 114 | -10/Materials | Identified exit to Mines 241 | -10/Materials | Entered another Materials area 241 | -9/Materials | Evolved 2 slots: Propulsion x2 301 | -9/Materials | Build established: Mutant 882 | -9/Materials | Discovered new exit (range 15) 886 | -9/Materials | Entered Mines 897 | -9/Mines | Discovered new exit (range 7) 898 | -9/Mines | Entered Materials 898 | -8/Materials | Evolved 2 slots: Utility x1, Weapon x1 1098 | -8/Materials | Lost 3 parts (1p2n) 1184 | -8/Materials | Discovered new exit (range 5) 1225 | -8/Materials | Entered Factory 1225 | -7/Factory | Evolved 2 slots: Utility x1, Weapon x1 1228 | -7/Factory | Lost 4 parts (2n1u1w) 1287 | -7/Factory | Identified exit to DSF 1289 | -7/Factory | Entered DSF 1305 | -7/DSF | Additional patrols routed to DSF 1355 | -7/DSF | Wild Derelicts raided the area 1373 | -7/DSF | Core integrity fell below 50% 1426 | -7/DSF | Core integrity fell below 20% 1443 | -7/DSF | Destroyed by JQ-GVV(i) with Flamer Last Messages --------------- 01430_ TK-PCR(b) destroyed. 01430_ Switching to secondary target: M0-ROD(M). 01432_ Imp. Medium Treads destroyed. 01433_ Penetrated by HV Slug. 01433_ YB-ZOA(g) destroyed. 01435_ Hvy. Machine Gun destroyed. 01435_ Penetrated by HV Slug. 01437_ HV Slug penetrates Wall. 01438_ Critical hit (Burn: +37). 01439_ Penetrated by HV Slug. 01439_ Critical hit (Destroy). 01439_ Angular Momentum Engine destroyed. 01439_ RN-ALW(g) suffers critical hit (Burn). 01439_ RN-ALW(g) suffers critical hit (Destroy). 01439_ Imp. Heat Sink melted. 01439_ RN-ALW(g) destroyed. 01441_ Critical hit (Burn: +80). 01441_ HV Slug penetrates Wall. 01443_ Imp. Medium Treads destroyed. 01443_ Hvy. Laser destroyed. Map ----- +----------------------------------------------------+ | | | | | | | | | | | ????????????????????????????????????????????????? | | ????????????????????????????????????????????????? | | ????????????????????????????????????????????????? | | ????????????????????????????????????????????????? | | ????????????????????????????????????????????????? | | ????????????????????????????????????????????????? | | ??????????????????????#######???????????????????? | | ?????????????????????? ]]]]]#???????????????????? | | ?????????????????????? ]]]]]????????????????????? | | ?????????????????????? ????????#???????????? | | ?????????????????????? ????#????????????????? | | ??????????????????????#M #?????????????????????? | | ????????????????????### ###??#????????????????? | | ????????????????????? M !!#????????????????#??? | | ????????????????????? !!##??????????????????? | | ?????????????????????? i*!!##????????????????#?? | | ????????????????????### =%###???????????????????? | | ????????????????????#=! %[!!#????#?????#????????? | | ????????????????????#=*==^!!#???????????????????? | | ????????????????????# =^%*!!#??????#????????????? | | ????????????????????###%@a#################?????? | | ?????????????????????#; ! ###[[[#!!!## #?????? | | ??????????????? #!!!##%% #"[[[#!!!## #?????? | | ???????????? a %* ]]#?????? | | ??????????? hi!%! % ]]##????? | | ???????????? g %!! % ]]"#????? | | ????????????#!!!#[[[##a a##!!!"!!!"#% !!"#????? | | ????????????#!??#[[[?## ###!!!#!!!"# !!##????? | | ????????????????###???# #?########## ###???#?? | | ?????????????????????!! !????#???# #???#??? | | ????????????????????#!! ^!????????# #??????? | | ????????????????????#!! !^!???????# #?????#? | | ????????????????????### ##???????### ##??????? | | ?????????????????#????* ]????????#[[ [#??????? | | ??????????????????????* ]????????#[[ [#??????? | | ?????????????????????** ]????????### ##?#????? | | ?????????????????????## ??????#???## ###?????# | | ???????????????????????? ?### # ## ""###???? | | ???????????????????????? """""#??? | | ???????????????????????? ""##"#??? | | ???????????????????????? # # ##"""""#?????? | | ????????????????????????????#???###?#"""""#?????? | | ?????????????????????????????##?????##"####?????? | | ?????????????????????????????????????#"#?#??????? | | ?????????????????????????????????????#"?????????? | +----------------------------------------------------+ Best States ------------- Heat Dissipation 50 Energy Generation 18 Energy Capacity 300 Matter Stores 300 Matter Capacity 300 Sight Range 16 Terrain Scan Range 16 Terrain Scan Density 10 Additional Mass Support 9 Armor Coverage 150 Evasion (%) 63 Recoil Reduction 4 Item Schematics ----------------- None Robot Schematics ------------------ None Fabricated ------------ Nothing Alien Tech Used ----------------- None Achievements -------------- None Challenges ------------ None Game ------ Seed TransmissionPhaseWarhead Manual? 0 Play Time 00:33:40 Cumulative 35.9 hours Start 2025.02.19 @ 23:20:04 End 2025.02.19 @ 23:53:16 Sessions 1 Manual Loads 0 Difficulty Rogue Special Mode None Game No. 33 Rogue 33 Adventurer 0 Explorer 0 Win Type - Total 0 Types 0/0/0/0/0/0/0/0/0 Lore% 3 Gallery% 27 Achievement% 21 Wizard Run 0 Options --------- Layout 0 ASCII 0 Keyboard 0 Movement Mouse Keybinds 0 Fullscreen 2 Font 12/Smallcaps Map View 41x27 Zoom Use 99% Tactical HUD 1 Map Filters NONE Filters NONE Steam 1 RUN: 7d4622ce-26e4-4376-8b3e-ea8e76e03d45